 Dungeon Crawl Stone Soup version 0.22-a0-480-g991dd4b (webtiles) character file.

3398 Darkshadow the Cleaver (level 9, -4/83 HPs)
             Began as a Minotaur Berserker on June 15, 2018.
             Was an Elder of Trog.
             Slain by an ogre
             ... wielding a +0 giant club
              (20 damage)
             ... on level 8 of the Dungeon.
             The game lasted 00:34:03 (9739 turns).

Darkshadow the Cleaver (Minotaur Berserker)         Turns: 9739, Time: 00:34:03

Health: -4/83      AC: 10    Str: 25    XL:     9   Next: 75%
Magic:  17/17      EV: 12    Int:  4    God:    Trog [****..]
Gold:   400        SH:  0    Dex: 12    Spells: 8/8 levels left

rFire    . . .     SeeInvis .   a - +1 hand axe
rCold    . . .     Gourm    .   (no shield)
rNeg     . . .     Faith    .   j - +1 ring mail
rPois    .         Spirit   .   (helmet restricted)
rElec    .         Reflect  .   F - +0 cloak
rCorr    .         Harm     .   r - +0 pair of gloves
MR       .....                  (no boots)
Stlth    +.........             (no amulet)
HPRegen  0.23/turn              i - +2 ring of dexterity
MPRegen  0.15/turn              t - ring of magical power

@: no status effects
A: retaliatory headbutt, horns 2
a: Berserk, Trog's Hand, Brothers in Arms, Renounce Religion


You were on level 8 of the Dungeon.
You worshipped Trog.
Trog was greatly pleased with you.
You were not hungry.

You visited 2 branches of the dungeon, and saw 9 of its levels.
You also visited: Sewer.

You collected 400 gold pieces.

Inventory:

Hand Weapons
 a - a +1 hand axe (weapon)
 b - a +0 blowgun
 k - a +0 dagger
 v - a +0 hunting sling
Missiles
 e - 42 poisoned needles
 h - 112 stones
 u - 45 sling bullets
 B - 3 steel tomahawks (quivered)
Armour
 j - a +1 ring mail (worn)
 r - a +0 pair of gloves (worn)
 w - a +0 animal skin
 C - a +0 cloak
 F - a +0 cloak (worn)
Jewellery
 i - a +2 ring of dexterity (left hand)
 m - an uncursed ring of resist corrosion
 t - a ring of magical power (right hand)
Wands
 I - a wand of enslavement (17)
 K - a wand of disintegration (22)
Scrolls
 g - 7 scrolls of identify {@r1}
 s - 5 scrolls of teleportation
 x - 3 scrolls of blinking
 y - a scroll of enchant armour
 E - 2 scrolls of remove curse {@r2}
 G - a scroll of magic mapping
 J - a scroll of enchant weapon
Potions
 d - a potion of invisibility {unknown}
 f - 4 potions of might {unknown}
 l - 3 potions of curing {@q1}
 n - a potion of magic {unknown}
 o - 3 potions of heal wounds {unknown}
 p - 2 potions of degeneration
 q - a potion of brilliance {unknown}
 z - a potion of agility {unknown}
 A - a potion of lignification {unknown}
 D - a potion of mutation {unknown}
Comestibles
 c - 7 rations


   Skills:
 + Level 9.3 Fighting
 * Level 12.2 Axes
 + Level 7.8 Armour
 - Level 2.6 Dodging


You had 8 spell levels left.
You didn't know any spells.
Your spell library was empty.

Dungeon Overview and Level Annotations

Branches:
Dungeon (8/15)             Temple (1/1) D:5            Lair (0/6) D:8

Altars:
Ashenzari
Cheibriados
Dithmenos
Elyvilon
Fedhas
Gozag
Hepliaklqana
Kikubaaqudgha
Makhleb
Nemelex Xobeh
Okawaru
Qazlal
Ru
Sif Muna
Trog
Uskayaw
Vehumet
Wu Jian
Xom
Yredelemnul
Zin
The Shining One

Shops:
D:6 [%[}


Innate Abilities, Weirdness & Mutations

You reflexively headbutt those who attack you in melee.
You have a pair of horns on your head.


Message History

You closely miss the orc warrior. The bullfrog hits you.
The ogre hits the fungus with a giant club!!
The orc warrior hits you with a hand axe!
You slash the bullfrog!
You kill the bullfrog!
Trog accepts your kill.
You barely miss the orc warrior.
The orc warrior hits you but does no damage.
The ogre misses you.
You hit the orc warrior.
The orc warrior is lightly wounded.
You hit the ogre.
The orc warrior hits you with a hand axe!!
You are too injured to fight recklessly!
There is an open door here.
The ogre hits you with a giant club!!
* * * LOW HITPOINT WARNING * * *
You eat one of the 8 rations.
That ration really hit the spot!
The ogre hits you with a giant club!!
You die...

,,,,* ,,,,* ,,,,* *****
,,,,*******************#...#*****
,,,,,,,,,,,,,,,,,,,,,,,....>,,,,,
,,,,*******#####*******#.#.#*****
***** #...# #.#.# *
********#...###### #.#.# *
*,,,,,,,+...o@...####.#.# *
*,******#...O###.#....#.######
*,****###..†...P.#...........#
*,,,,......P....P..###.#####.#
*,,,......PPP.P.....##.# #.#
****,,,.....P.....P.......# #.#
,,,*,**##..P...P...P..P.### #.#
,,,*,***#..P..####..P...# #.#
,,,*,*,,...P..*,>#.P.P..# #.#


You could see an orc warrior and an ogre.

Vanquished Creatures
  A two-headed ogre (D:7)
  The ghost of dforspid the Cudgeler, an amateur DrMo of Makhleb (D:5)
  A troll (D:6)
  A yak (D:8)
  2 orc warriors
  2 ice beasts
  2 ogres
  A phantom (D:8)
  4 centaurs
  4 bullfrogs
  2 howler monkeys
  A centaur zombie (D:5)
  An orc priest (D:7)
  7 hounds
  A jelly (D:7)
  5 orc wizards
  Jessica (D:2)
  An iguana (D:5)
  4 worker ants
  A hound zombie (D:8)
  A howler monkey skeleton (D:6)
  10 adders
  6 gnolls
  A shadow imp (D:5)
  2 oozes (D:1)
  An adder zombie (D:6)
  2 worms (D:4)
  A dart slug (D:1)
  4 leopard geckos
  14 orcs
  9 giant cockroaches
  8 goblins
  13 hobgoblins
  7 jackals
  6 quokkas
  4 ball pythons
  12 bats
  7 frilled lizards
  14 kobolds
  A leopard gecko skeleton (D:2)
  A quokka skeleton (D:7)
  13 rats
  2 plants (Sewer)
182 creatures vanquished.

Vanquished Creatures (others)
  A fungus (D:8)
  2 plants (D:8)
3 creatures vanquished.

Grand Total: 185 creatures vanquished

Notes
Turn   | Place    | Note
-------+----------+-------------------------------------------
     0 | D:1      | Darkshadow the Minotaur Berserker began the quest for the Orb.
     0 | D:1      | Reached XP level 1. HP: 19/19 MP: 0/0
    47 | D:1      | Reached XP level 2. HP: 18/27 MP: 1/1
   359 | D:1      | Reached skill level 4 in Axes
   495 | D:1      | Reached XP level 3. HP: 27/33 MP: 2/2
   745 | D:1      | Reached ** piety under Trog
  1584 | D:2      | Noticed Jessica
  1592 | D:2      | Killed Jessica
  1592 | D:2      | Reached skill level 5 in Axes
  1592 | D:2      | Reached XP level 4. HP: 37/41 MP: 3/3
  2033 | D:2      | Reached XP level 5. HP: 42/47 MP: 4/4
  2443 | D:3      | Found a glowing silver altar of Zin.
  2889 | D:3      | Reached *** piety under Trog
  2899 | D:3      | Reached skill level 5 in Fighting
  2899 | D:3      | Reached skill level 6 in Axes
  3609 | D:4      | Reached XP level 6. HP: 52/56 MP: 5/5
  3790 | D:4      | Found a shadowy altar of Dithmenos.
  3887 | D:4      | Found a glowing drain.
  3903 | Sewer    | Entered a sewer
  4034 | Sewer    | Reached skill level 7 in Axes
  4968 | D:4      | Found an opulent altar of Gozag.
  5259 | D:5      | Entered Level 5 of the Dungeon
  5377 | D:5      | Noticed dforspid's ghost (amateur DrMo)
  5388 | D:5      | Killed dforspid's ghost
  5388 | D:5      | Reached skill level 8 in Axes
  5388 | D:5      | Reached XP level 7. HP: 63/63 MP: 6/6
  5395 | D:5      | Found a staircase to the Ecumenical Temple.
  5411 | Temple   | Entered the Ecumenical Temple
  5667 | D:5      | Reached **** piety under Trog
  6020 | D:5      | Found a shimmering altar of Xom.
  6658 | D:6      | Found Deedgho's Gadget Emporium.
  6675 | D:6      | Noticed a troll
  6691 | D:6      | Killed a troll
  6691 | D:6      | Reached skill level 9 in Axes
  6691 | D:6      | Reached skill level 5 in Armour
  6691 | D:6      | Reached XP level 8. HP: 48/73 MP: 7/7
  6881 | D:6      | Found a sparkling altar of Nemelex Xobeh.
  7511 | D:6      | Reached skill level 10 in Axes
  7533 | D:6      | Found Sepp's Antique Armour Boutique.
  7974 | D:6      | Found Viphun's Food Shop.
  8135 | D:7      | Reached XP level 9. HP: 19/81 MP: 8/8
  8851 | D:6      | Found Zidemouch's Armour Boutique.
  9100 | D:7      | Reached skill level 11 in Axes
  9616 | D:8      | Noticed a two-headed ogre
  9635 | D:7      | Killed a two-headed ogre
  9640 | D:8      | Reached skill level 12 in Axes
  9739 | D:8      | Slain by an ogre

Vault maps used:
D:1:      dpeg_arrival_tiny_k, minmay_tromino_v7
D:2:      cheibrodos_helix_gallery, uniq_jessica
D:3:      lemuel_round_altar, first_ration
D:4:      kennysheep_mini_moat, grunt_dithmenos_smoke, portal_sewer_entry_a
D:5:      brannock_xom_greatest_gift, temple_green
D:6:      serial_shops, shop, shop, nicolae_shop_waterfront, kennysheep_mini,
          basic_altar
D:8:      grunt_lair_entry_orc_guard_hut
Temple:   dpeg_five_rooms_temple
Sewer:    sewer_co_scattered_pipes

Skill      XL: |  1  2  3  4  5  6  7  8  9 |
---------------+----------------------------+-----
Axes           | 4 5 6 8 9 10 12 | 12.2
Fighting       | 4 5 6 7 8 9 |  9.3
Armour         | 3 5 6 7 |  7.8
Dodging        | |  2.6

Action                   |  1- 3 |  4- 6 |  7- 9 || total
-------------------------+-------+-------+-------++-------
Melee: Hand axe          |    66 |   230 |   222 ||   518
       Headbutt          |    15 |    45 |    45 ||   105
 Fire: Blowgun           |       |    15 |    22 ||    37
Throw: Stone             |     3 |     3 |     4 ||    10
       Tomahawk          |       |       |     8 ||     8
Invok: Berserk           |     1 |     4 |     3 ||     8
  Use: Scroll            |       |     8 |     4 ||    12
  Eat: Chunk             |     2 |    12 |    10 ||    24
       Ration            |       |     1 |     3 ||     4
Armor: Animal skin       |    11 |     1 |       ||    12
       Ring mail         |       |    64 |    61 ||   125
Dodge: Dodged            |    59 |   114 |   122 ||   295

Table legend:
 A = Spawn XP
 B = Non-spawn XP
 C = Spawn XP percentage of total XP
 D = Spawn monster count
 E = Non-spawn monster count
 F = Spawn count percentage of total count
 G = Total turns spent on level
                    A         B        C        D         E        F      G
               +---------+---------+-------+---------+---------+-------+---------
         Total |       0 |    4855 |   0.0 |       0 |     180 |   0.0 |  9739
               +---------+---------+-------+---------+---------+-------+---------
           D:1 |       0 |      89 |   0.0 |       0 |      31 |   0.0 |  1488
           D:2 |       0 |     138 |   0.0 |       0 |      37 |   0.0 |   947
           D:3 |       0 |     152 |   0.0 |       0 |      21 |   0.0 |  1162
           D:4 |       0 |     145 |   0.0 |       0 |      13 |   0.0 |  1022
           D:5 |       0 |     803 |   0.0 |       0 |      19 |   0.0 |  1473
           D:6 |       0 |    1129 |   0.0 |       0 |      21 |   0.0 |  1126
           D:7 |       0 |    1577 |   0.0 |       0 |      14 |   0.0 |  1331
           D:8 |       0 |     785 |   0.0 |       0 |       7 |   0.0 |   311
         Sewer |       0 |      37 |   0.0 |       0 |      17 |   0.0 |   640
               +---------+---------+-------+---------+---------+-------+---------
